 Dungeon Crawl Stone Soup version 0.21-a0-531-gacddea6 (webtiles) character file.

107 AverageBear the Cutter (level 4, -1/27 HPs)
             Began as a Deep Elf Fighter on Dec 12, 2017.
             Slain by Vinniefish's ghost (4 damage)
             ... on level 3 of the Dungeon.
             The game lasted 00:01:25 (1774 turns).

AverageBear the Cutter (Deep Elf Fighter)           Turns: 1774, Time: 00:01:25

Health: -1/27      AC:  6    Str: 19    XL:     4   Next: 56%
Magic:  6/6        EV:  2    Int: 13    God:
Gold:   79         SH:  0    Dex: 14    Spells: 3/3 levels left

rFire    . . .     SeeInvis .   a - +0 rapier
rCold    . . .     Gourm    .   c - +0 shield
rNeg     + + +     Faith    .   b - +0 scale mail
rPois    ∞         Spirit   .   (no helmet)
rElec    .         Reflect  .   (no cloak)
rCorr    .         Harm     .   (no gloves)
MR       .....                  (no boots)
Stlth    ..........             (no amulet)
HPRegen  0.09/turn              (no ring)
MPRegen  0.10/turn              (no ring)

@: mighty, petrified
A: no striking features
a: no special abilities


You were on level 3 of the Dungeon.
You were not hungry.

You visited 1 branch of the dungeon, and saw 3 of its levels.

You collected 79 gold pieces.

Inventory:

Hand Weapons
 a - a +0 rapier (weapon)
 j - a +0 dagger of venom
Armour
 b - a +0 scale mail (worn)
 c - a +0 shield (worn)
Scrolls
 m - a scroll of remove curse {unknown}
 n - a scroll of enchant weapon {unknown}
 p - 2 scrolls of identify
Potions
 i - a potion of degeneration {unknown}
 k - a potion of magic {unknown}
Comestibles
 f - 2 bread rations
 g - a meat ration
 l - 2 royal jellies
 o - 5 chunks of flesh


   Skills:
 - Level 2.4 Fighting
 + Level 4.9 Short Blades
 - Level 2.4 Armour
 - Level 2.4 Shields


You had 3 spell levels left.
You didn't know any spells.

Dungeon Overview and Level Annotations

Branches:
Dungeon (3/15)

Altars:

Annotations:
D:3 Vinniefish's ghost, amateur MiCK


Message History

* * * LOW HITPOINT WARNING * * *
Vinniefish's ghost freezes you.
* * * LOW HITPOINT WARNING * * *
You feel better.
The giant cockroach waves its antennae.
Vinniefish's ghost hits you!
* * * LOW HITPOINT WARNING * * *
Your limbs are stiffening.
You feel much better. Vinniefish's ghost hits you.
You are electrocuted!
Vinniefish's ghost hits you but does no damage.
Some of the chunks of flesh in your inventory have rotted away.
You have turned to stone.
Vinniefish's ghost hits you. Vinniefish's ghost burns you.
Vinniefish's ghost hits you but does no damage.
Vinniefish's ghost hits you. x2
You are electrocuted!
* * * LOW HITPOINT WARNING * * *
The giant cockroach waves its antennae.
Vinniefish's ghost hits you!
You die...

#?##.###### #
.......@Ws#.#
#.#######.#.#.# ..
#...#.#
#.###s###.#
.###.........#####
....!...###.......
.##.##..<......$..
#.##............
#...............


You could see Vinniefish's ghost and a giant cockroach.

Vanquished Creatures
  4 adders (D:2)
  A gnoll (D:2)
  4 oozes
  2 worms (D:2)
  3 leopard geckos
  2 ball pythons
  A giant cockroach (D:2)
  3 goblins
  2 hobgoblins
  2 jackals (D:2)
  7 kobolds
  A quokka (D:2)
  2 bats
  2 frilled lizards (D:1)
  3 rats
39 creatures vanquished.

Notes
Turn   | Place    | Note
-------+----------+-------------------------------------------
     0 | D:1      | AverageBear the Deep Elf Fighter began the quest for the Orb.
     0 | D:1      | Reached XP level 1. HP: 13/13 MP: 3/3
    77 | D:1      | Reached XP level 2. HP: 11/18 MP: 4/4
    84 | D:1      | Reached skill level 3 in Short Blades
   786 | D:2      | Reached XP level 3. HP: 3/22 MP: 5/5
  1078 | D:2      | Reached skill level 4 in Short Blades
  1344 | D:2      | Reached XP level 4. HP: 18/27 MP: 6/6
  1742 | D:3      | Noticed Vinniefish's ghost (amateur MiCK)
  1774 | D:3      | Slain by Vinniefish's ghost

Vault maps used:
D:1:      sevenhm_arrival_forest_fort_large_4, minmay_misc_feat_roman
D:2:      minmay_wonky_spiral, first_bread, cheibrodos_gnoll_hut

Skill      XL: |  1  2  3 |
---------------+----------+-----
Short Blades   | 3 4 |  4.9
Fighting       | |  2.4
Armour         | |  2.4
Shields        | |  2.4

Action                   |  1- 3 |  4- 6 || total
-------------------------+-------+-------++-------
Melee: Rapier            |    93 |    10 ||   103
       Dagger            |    19 |    58 ||    77
  Use: Scroll            |     2 |       ||     2
       Potion            |       |     4 ||     4
  Eat: Chunk             |     1 |     2 ||     3
Armor: Scale mail        |    39 |    16 ||    55
Dodge: Dodged            |    25 |    15 ||    40
Block: Shield            |    51 |    24 ||    75

Table legend:
 A = Spawn XP
 B = Non-spawn XP
 C = Spawn XP percentage of total XP
 D = Spawn monster count
 E = Non-spawn monster count
 F = Spawn count percentage of total count
 G = Total turns spent on level
                    A         B        C        D         E        F      G
               +---------+---------+-------+---------+---------+-------+---------
         Total |       0 |     153 |   0.0 |       0 |      39 |   0.0 |  1774
               +---------+---------+-------+---------+---------+-------+---------
           D:1 |       0 |      32 |   0.0 |       0 |      13 |   0.0 |   708
           D:2 |       0 |     121 |   0.0 |       0 |      26 |   0.0 |  1034
               +---------+---------+-------+---------+---------+-------+---------
